Map: Winter Madness LE

Players

HoldTheDoor - Winner!

  • Race: Protoss Protoss
  • League: Diamond
  • Spawn Location: 5:00

Caramel

  • Race: Protoss Protoss
  • League: Master
  • Spawn Location: 11:00

VOD

Have the link to the VOD?

Description

Time

  • Played on: May 7, 2026, 10:59 a.m.
  • Length: 7:00
Show
View Real Time Build Order
Export as new Build Order

HoldTheDoor Protoss - Winner!

Build Orders:  

Get SALT Encoding   

  12  0:00  Probe  
  13  0:12  Probe  
  14  0:18  Pylon  
  14  0:24  Probe  
  15  0:32  Probe  
  15  0:40  Gateway, Probe  
  16  0:47  Assimilator  
  17  0:51  Probe  
  18  1:03  Probe  
  19  1:04  Assimilator  
  19  1:16  Probe  
  20  1:24  Gateway  
  20  1:28  Cybernetics Core, Probe  
  21  1:37  Pylon  
  21  1:40  Probe  
  22  1:52  Probe  
  23  1:57  Warp Gate  
  23  2:00  Stalker  
  23  2:03  Stalker  
  23  2:04  Probe  
  28  2:16  Probe  
  28  2:17  Pylon  
  29  2:28  Probe  
  30  2:34  Sentry  
  31  2:42  Probe  
  32  2:47  Stalker  
  34  2:55  Robotics Facility  
  34  2:58  Stalker  
  34  3:01  Pylon  
  36  3:22  Nexus  
  36  3:26  Shield Battery  
  36  3:46  Stalker x2  
  36  3:48  Probe, Immortal  
  41  4:02  Probe  
  46  4:08  Pylon  
  46  4:14  Probe  
  47  4:22  Pylon  
  47  4:26  Probe  
  47  4:27  Sentry  
  47  4:28  Stalker  
  47  4:31  Observer  
  52  4:34  Probe  
  54  4:42  Twilight Council  
  52  4:56  Warp Prism  
  54  5:08  Charge  
  54  5:12  Zealot x2  
  58  5:16  Gateway  
  58  5:18  Gateway  
  58  5:26  Probe x2  
  60  5:39  Zealot x2  
  48  6:12  Zealot x3  
  46  6:38  Stalker  
  46  6:39  Stalker x3  
Show
View Real Time Build Order
Export as new Build Order

Caramel Protoss 

Build Orders:  

Get SALT Encoding   

  12  0:00  Probe  
  13  0:12  Probe  
  14  0:17  Pylon  
  14  0:24  Probe  
  15  0:34  Probe  
  15  0:39  Gateway  
  15  0:42  Probe  
  16  0:48  Assimilator  
  17  0:51  Probe  
  18  0:57  Assimilator  
  18  1:03  Probe  
  19  1:15  Probe  
  20  1:19  Gateway  
  20  1:28  Probe  
  21  1:36  Cybernetics Core  
  21  1:40  Probe  
  22  1:49  Pylon  
  23  1:54  Pylon  
  22  2:02  Stalker x2  
  22  2:14  Warp Gate  
  26  2:26  Probe  
  26  2:28  Stalker x2  
  31  2:38  Probe  
  32  2:57  Nexus  
  32  3:00  Probe  
  33  3:20  Pylon  
  33  3:27  Stargate  
  33  3:31  Pylon  
  31  3:42  Probe  
  32  3:52  Probe  
  33  3:56  Gateway  
  33  4:00  Probe  
  33  4:01  Oracle  
  33  4:03  Stalker  
  33  4:05  Stalker  
  38  4:13  Probe  
  38  4:15  Probe  
  43  4:25  Probe  
  43  4:26  Twilight Council  
  44  4:32  Oracle  
  44  4:34  Probe  
  44  4:37  Probe  
  49  4:52  Stalker x3  
  55  5:17  Probe  
  55  5:18  Probe  
  57  5:21  Assimilator  
  57  5:26  Assimilator  
  57  5:27  Robotics Facility  
  57  5:29  Pylon, Probe  
  57  5:30  Probe  
  59  5:35  Pylon  
  59  6:02  Stalker x2  
  59  6:03  Stalker  
  55  6:27  Stalker x2  
  34  6:53  Stalker  
Tags
 
Matchup
PvP
Replay Pack
SC2Mai2026
Spawn Locations
Cross Positions
Add a new tag
Caveats
  • Supply blocks, unpowered buildings, or Contaminate may cause inaccurate times.
  • Supply counts are checked every 10 seconds.